 Dungeon Crawl Stone Soup version 0.30-a0-535-g2c0b3469a7 (webtiles) character file.

Game seed: 5277760226494450766

84661 Conn the Arsonist (level 15, -8/88 HPs)
             Began as an Octopode Fire Elementalist on Dec 25, 2022.
             Was a High Priest of Sif Muna.
             Mangled by an acid blob (27 damage)
             ... on level 4 of the Lair of Beasts.
             The game lasted 01:44:53 (29047 turns).

Conn the Arsonist (Octopode Fire Elementalist)     Turns: 29047, Time: 01:44:53

Health: -8/88      AC:  1    Str: 13    XL:     15   Next: 81%
Magic:  18/41      EV: 18    Int: 30    God:    Sif Muna [*****.]
Gold:   451        SH:  5    Dex: 13    Spells: 2/40 levels left

rFire   + + +      SeeInvis .    b - staff of fire
rCold   + + .      Faith    .    d - +0 buckler of Nihilism {Str+7 Stlth+}
rNeg    . . .      Spirit   .    (helmet restricted)
rPois   +          Reflect  .    N - amulet of regeneration
rElec   +          Harm     .    u - +6 ring of intelligence
rCorr   +          Rampage  .    Y - ring of poison resistance
Will    +....                    W - ring of ice
Stlth   ++++++                   T - ring of protection from cold
HPRegen 1.14/turn                L - ring of fire
MPRegen 0.27/turn                z - ring of magical power
                                 P - ring of wizardry
                                 K - ring "Boukkue" {rCorr EV+4}

@: resistant, channelling
A: almost no armour, amphibious, 8 rings, camouflage 1, gelatinous body 1,
(nimble swimmer 1), tentacles, fire resistance 1, passive freeze, weak 1
a: Renounce Religion, Channel Magic, Forget Spell, Divine Exegesis


You were on level 4 of the Lair of Beasts.
You worshipped Sif Muna.
Sif Muna was extremely pleased with you.
You visited 4 branches of the dungeon, and saw 20 of its levels.
You also visited: Sewer and Volcano.

You collected 3898 gold pieces.
You spent 3447 gold pieces at shops.

Inventory:

Hand Weapons
 a - the +6 long sword "Xojophej" {venom, Int+6}
   (You found it on level 9 of the Dungeon)

   It poisons the flesh of those it strikes.
   Int:       It affects your intelligence (+6).
 p - a +2 short sword of protection
 G - a +5 rapier of freezing
Missiles
 o - 3 curare-tipped darts
 E - 2 throwing nets (quivered)
Armour
 d - the +0 buckler of Nihilism (worn) {Str+7 Stlth+}
   (You acquired it on level 5 of the Lair of Beasts)

   Str:       It affects your strength (+7).
   Stlth:     It makes you more stealthy.
Magical Staves
 b - a staff of fire (weapon)
 C - a staff of air
Jewellery
 u - a +6 ring of intelligence (left tentacle)
 z - a ring of magical power (on tentacle)
 A - a ring of protection from cold
 F - a ring of magical power
 H - a ring of flight
 K - the ring "Boukkue" (on tentacle) {rCorr EV+4}
   (You bought it in a shop on level 2 of the Orcish Mines)

   [ring of evasion]

   EV:        It affects your evasion (+4).
   rCorr:     It protects you from acid and corrosion.
 L - a ring of fire (on tentacle)
 N - an amulet of regeneration (around mantle)
 O - a ring of resist corrosion
 P - a ring of wizardry (on tentacle)
 T - a ring of protection from cold (on tentacle)
 W - a ring of ice (on tentacle)
 Y - a ring of poison resistance (right tentacle)
Wands
 m - a wand of flame (98)
 v - a wand of polymorph (21)
 x - a wand of light (28)
 y - a wand of charming (4)
 U - a wand of iceblast (3)
Scrolls
 c - a scroll of poison
 h - 5 scrolls of amnesia
 i - 6 scrolls of teleportation
 l - a scroll of fear
 r - 12 scrolls of identify
 s - 2 scrolls of vulnerability
 t - 2 scrolls of magic mapping
 J - 5 scrolls of enchant armour
 M - 4 scrolls of enchant weapon
 R - 3 scrolls of fog
 S - a scroll of butterflies
Potions
 e - 3 potions of heal wounds
 f - a potion of resistance
 g - 5 potions of curing
 j - 3 potions of flight
 k - 2 potions of brilliance
 n - a potion of cancellation
 q - 4 potions of mutation
 B - 2 potions of ambrosia
 D - 6 potions of might
 Q - 3 potions of attraction
Miscellaneous
 I - a condenser vane
 V - a phial of floods


   Skills:
 + Level 3.5 Fighting
 + Level 3.2(3.4) Short Blades
 + Level 1.0(2.3) Long Blades
 + Level 0.2 Staves
 + Level 0.1 Throwing
 + Level 4.6 Dodging
 + Level 7.9 Stealth
 * Level 3.7 Shields
 + Level 13.3 Spellcasting
 + Level 8.4 Conjurations
 + Level 3.3 Hexes
 * Level 3.5 Summonings
 - Level 8.0 Translocations
 + Level 13.8 Fire Magic
 + Level 5.3 Ice Magic
 + Level 4.7 Air Magic
 + Level 5.1 Earth Magic
 + Level 1.3 Poison Magic
 + Level 9.2 Invocations
 + Level 0.4 Evocations


You had 2 spell levels left.
You knew the following spells:

 Your Spells              Type           Power      Damage    Failure   Level
a - Foxfire               Conj/Fire      100%       2x1d9     1%          1
b - Blink                 Tloc           100%       N/A       1%          2
c - Inner Flame           Hex/Fire       100%       N/A       1%          3
d - Flame Wave            Conj/Fire      100%       2d21      1%          4
e - Scorch                Fire           100%       2d10      0%          2
f - Hailstorm             Conj/Ice       75%        3d15      1%          3
g - Stone Arrow           Conj/Erth      100%       3d13      1%          3
h - Iskenderun's Mystic   Conj/Tloc      62%        2d13      1%          4
i - Dispersal             Tloc           30%        N/A       8%          6
j - Mephitic Cloud        Conj/Pois/Air  49%        N/A       1%          3
k - Call Imp              Summ           41%        N/A       1%          2
l - Fireball              Conj/Fire      57%        3d22      1%          5

Your spell library contained the following spells:

 Spells                   Type           Power      Damage    Failure   Level
 Apportation              Tloc           100%       N/A       1%          1
 Magic Dart               Conj           100%       1d8       1%          1
 Cigotuvi's Dreadful Rot  Necr/Pois/Air  64%        N/A       1%          2
 Momentum Strike          Conj/Tloc      100%       3d10      1%          2
 Poisonous Vapours        Pois/Air       76%        N/A       1%          2
 Gell's Gravitas          Tloc           61%        N/A       1%          3
 Kindle Blastsparks       Fire/Tloc/Air  100%       2d18      1%          3
 Lesser Beckoning         Tloc           100%       N/A       1%          3
 Portal Projectile        Hex/Tloc       100%       N/A       1%          3
 Teleport Other           Tloc           61%        N/A       1%          3
 Tukima's Dance           Hex            40%        N/A       1%          3
 Vhi's Electric Charge    Tloc/Air       100%       N/A       1%          3
 Passage of Golubria      Tloc           61%        N/A       1%          4
 Iskenderun's Battlesphe  Conj           63%        2d11      1%          5
 Starburst                Conj/Fire      57%        6d15      1%          6
 Summon Forest            Summ/Tloc      26%        N/A       3%          5
 Ice Form                 Ice/Tmut       53%        N/A       4%          4
 Iron Shot                Conj/Erth      28%        9d6       12%         6
 Yara's Violent Unravell  Hex/Tmut       15%        3d8       17%         5
 Simulacrum               Ice/Necr       26%        N/A       52%         6
 Spellforged Servitor     Conj/Summ      27%        N/A       65%         7
 Lehudib's Crystal Spear  Conj/Erth      28%        10d8      99%         8
 Animate Armour           Summ/Erth      Unusable   N/A       N/A         4

Dungeon Overview and Level Annotations

Branches:
Dungeon (12/15)            Temple (1/1) D:5            Lair (5/5) D:9
  Swamp (0/4) Lair:2       Spider (0/4) Lair:2        Slime (0/5) Lair:4
    Orc (2/2) D:10            Elf (0/3) Orc:2         Sewer (visited)
Volcano (visited)

Altars:
Ashenzari
Cheibriados
Dithmenos
Elyvilon
Fedhas
Gozag
Hepliaklqana
Kikubaaqudgha
Makhleb
Nemelex Xobeh
Okawaru
Qazlal
Ru
Sif Muna
Trog
Uskayaw
Vehumet
Wu Jian
Xom
Yredelemnul
Zin
The Shining One
Jiyva

Shops:
D:6 (   D:9 *   Orc:1 :([?***   Orc:2 ?:=*

Annotations:
D:7 exclusion: statue
D:11 1 runed translucent door


Innate Abilities, Weirdness & Mutations

You cannot wear most types of armour.
You are amphibious.
You can wear up to eight rings at the same time.
Your skin changes colour to match your surroundings (Stealth+).
Your rubbery body absorbs attacks. (AC +1, EV +1)
((You are camouflaged when in or above water. (Stealth+)))
You have tentacles for arms and can constrict up to eight enemies at once.
Your flesh is heat resistant. (rF+)
A frigid envelope surrounds you and freezes all who hurt you.
You are weak. (Str -2)


Message History

Press: ? - help, Shift-Dir - straight line, f/p - acid blob
Aim: an acid blob (severely wounded)
You feel a strong surge of power!
The fireball explodes!
The fireball engulfs the acid blob!!!
You kill the acid blob!
Sif Muna accepts your kill.
The fireball engulfs the acid blob!!!
The acid blob is heavily wounded.
Unknown command.
Casting: Fireball (mildly dangerous; 1% risk of failure)
Confirm with . or Enter, or press ? or * to list all spells.
Aiming: Fireball (mildly dangerous; 1% risk of failure)
Press: ? - help, Shift-Dir - straight line, f - acid blob
Aim: an acid blob (heavily wounded)
You feel a strong surge of power!
The fireball explodes!
The fireball engulfs the acid blob!!
The acid blob is severely wounded.
The fireball engulfs the eye of devastation!
The eye of devastation is moderately wounded.
Unknown command.
The acid blob spits acid at you. The splash of acid hits you! You resist.
Casting: Fireball (mildly dangerous; 1% risk of failure)
Confirm with . or Enter, or press ? or * to list all spells.
Aiming: Fireball (mildly dangerous; 1% risk of failure)
Press: ? - help, Shift-Dir - straight line, p - acid blob
Okay, then.
You feel protected. The eye of devastation gazes at you.
The bolt of energy hits you!!
* * * LOW HITPOINT WARNING * * *
As you read the scroll of fear, it crumbles to dust.
You assume a fearsome visage.
The slime creature looks frightened!
The eye of devastation resists with some effort.
The azure jelly looks frightened!
The acid blob resists with almost no effort.
The acid blob completely misses you.
The azure jelly jiggles.
The acid blob hits you!!
You die...

#..# #.(#..JJ.##....#..##. #..#
###..'.J..J?#.......... ##.#
####....'GJJJ?_#..#.......
##..###.###..J'J..J$?##....##.#.
##.#.......J...#...J.##..P.#.#...
...##.##.....#.##G..####.........
#.<#.#.#.......G###### ###..####.
#............>..J.##.#####..# ##
#.##.####.#.....@...........# ##
###### #.#.....#....#####..# #P
##.#.......##..# ##.# #.
#..###..#.###.## ### ##
#..######## #..# #.
#....###.####.## ##
##............# #....##.######
####.####


You could see an acid blob, an azure jelly (fleeing), a slime creature (fleeing)
and an eye of devastation.

Vanquished Creatures
  4 acid blobs (Lair:4)
  2 azure jellies (Lair:4)
  2 orc warlords (Orc:2)
  2 stone giants
  The ghost of Ronlaysi the Alchemist, a journeyman OpTm of Sif Muna (Lair:4)
  5 hydras
  Fannar (Lair:2)
  A rakshasa (D:12)
  8 two-headed ogres
  Erica (D:10)
  A boulder beetle (Lair:4)
  2 orc high priests (Orc:2)
  8 death yaks (Lair:5)
  Sonja (Orc:1)
  5 skeletal warriors (D:12)
  4 orc knights (Orc:2)
  Pikel (D:6)
  4 lindwurms
  A manticore (D:11)
  An ugly thing (D:11)
  4 orc sorcerers (Orc:2)
  21 elephants
  6 cyclopes
  4 black mambas
  An eye of devastation (Lair:4)
  4 rime drakes
  5 gargoyles
  12 cane toads
  An unseen horror (D:11)
  A torpor snail (Lair:5)
  An efreet (Volcano)
  6 komodo dragons
  5 polar bears
  A meliai (Lair:2)
  6 saltlings (Orc:2)
  4 trolls
  Prince Ribbit (D:5)
  19 blink frogs
  9 slime creatures
  9 dream sheep
  5 wyverns
  33 yaks
  A vampire (D:12)
  5 basilisks
  2 fire elementals (Volcano)
  4 vampire mosquitoes
  Edmund (D:6)
  2 wargs (Orc:2)
  Duvessa (D:5)
  5 acid dragons
  17 water moccasins
  20 orc warriors
  A floating eye (Lair:4)
  An ice beast (D:8)
  A black bear (Lair:3)
  A sky beast (D:7)
  8 ogres
  4 centaurs
  17 wolves
  3 lemures
  3 phantoms
  The ghost of brujo666 the Cudgeller, an amateur GrFi (D:3)
  6 kobold brigands
  2 necrophages (D:6)
  2 gnoll sergeants
  12 bullfrogs
  2 earth elementals (Volcano)
  10 scorpions
  13 wights
  Dowan (D:5)
  11 killer bees
  2 electric eels (D:9)
  10 howler monkeys
  12 orc priests
  Crazy Yiuf (D:6)
  10 hounds
  Terence (D:3)
  Ijyb (D:5)
  8 iguanas
  23 orc wizards
  10 adders
  11 gnolls
  2 worms (D:2)
  3 dart slugs
  55 orcs
  15 ball pythons
  7 endoplasms
  9 giant cockroaches
  9 goblins
  5 hobgoblins
  4 jackals (D:5)
  9 quokkas
  3 training dummies (D:6)
  7 bats
  10 frilled lizards
  25 kobolds
  6 rats
  4 butterflies (D:11)
  2 pillars of salt (Orc:2)
634 creatures vanquished.

Vanquished Creatures (collateral kills)
  18 foxfires
18 creatures vanquished.

Vanquished Creatures (others)
  A hell rat (Lair:5)
  2 bushes
  1769 foxfires
  51 fungi
  15 pillars of salt (Orc:2)
  85 plants
  2 withered plants (D:3)
1925 creatures vanquished.

Grand Total: 2577 creatures vanquished

Notes
Turn   | Place    | Note
-------+----------+-------------------------------------------
     0 | D:1      | Conn the Octopode Fire Elementalist began the quest for the
                  | Orb.
     0 | D:1      | Reached XP level 1. HP: 11/11 MP: 3/3
   238 | D:1      | Reached XP level 2. HP: 17/17 MP: 1/5
   498 | D:1      | Found a faded altar of an unknown god.
   613 | D:1      | Reached XP level 3. HP: 14/21 MP: 6/6
  1533 | D:2      | Reached XP level 4. HP: 27/27 MP: 3/7
  2058 | D:2      | Learned a level 2 spell: Scorch
  2062 | D:2      | Learned a level 3 spell: Kindle Blastsparks
  2109 | D:3      | Identified the +1 scale mail of the Clean God {Drain rN+
                  | Regen+ Str+4 Dex+3}
  2134 | D:3      | Noticed Terence
  2143 | D:3      | Killed Terence
  2172 | D:3      | Reached XP level 5. HP: 32/32 MP: 4/9
  2178 | D:3      | Found a runed translucent door.
  2276 | D:3      | Noticed brujo666's ghost (amateur GrFi)
  2330 | D:3      | Found a shimmering blue altar of Sif Muna.
  2337 | D:3      | Became a worshipper of Sif Muna the Loreminder
  2483 | D:3      | Found a glowing drain.
  2494 | Sewer    | Entered a sewer
  2506 | Sewer    | Reached skill level 1 in Fighting
  2764 | Sewer    | Reached * piety under Sif Muna
  2808 | Sewer    | Reached skill level 1 in Short Blades
  2808 | Sewer    | Reached skill level 5 in Stealth
  2808 | Sewer    | Reached XP level 6. HP: 38/38 MP: 6/10
  3340 | D:3      | Learned a level 3 spell: Inner Flame
  3352 | D:3      | Killed brujo666's ghost
  3524 | D:4      | Reached XP level 7. HP: 43/43 MP: 12/12
  4127 | D:4      | Reached ** piety under Sif Muna
  4138 | D:4      | Reached skill level 5 in Fire Magic
  4577 | D:4      | You fall into a shaft and drop 1 floor!
  4577 | D:5      | Entered Level 5 of the Dungeon
  4684 | D:5      | Noticed Ijyb
  4706 | D:5      | Killed Ijyb
  4813 | D:5      | Reached XP level 8. HP: 50/50 MP: 7/14
  4815 | D:5      | Found a staircase to the Ecumenical Temple.
  4827 | Temple   | Entered the Ecumenical Temple
  5182 | D:5      | Noticed Prince Ribbit
  5189 | D:5      | Killed Prince Ribbit
  5190 | D:5      | Reached skill level 5 in Spellcasting
  5276 | D:5      | Noticed Duvessa
  5303 | D:5      | Noticed Dowan
  5320 | D:5      | Killed Dowan
  5323 | D:5      | Killed Duvessa
  5694 | D:6      | Noticed Pikel
  5849 | D:6      | Noticed Edmund
  5905 | D:7      | Reached XP level 9. HP: 31/54 MP: 0/18
  6124 | D:7      | Found a radiant altar of Vehumet.
  6931 | D:7      | Found a glowing silver altar of Zin.
  7193 | D:6      | Found a burning altar of Makhleb.
  7193 | D:6      | Found a sacrificial altar of Ru.
  7193 | D:6      | Found a white marble altar of Elyvilon.
  7193 | D:6      | Found an ornate altar of the Wu Jian Council.
  7380 | D:6      | Reached *** piety under Sif Muna
  7489 | D:6      | Killed Pikel
  7748 | D:6      | Killed Edmund
  7869 | D:6      | Found a runed translucent door.
  7870 | D:6      | Noticed Crazy Yiuf
  7877 | D:6      | Killed Crazy Yiuf
  7971 | D:6      | Found Fiypi's Firing Range.
  8164 | D:6      | Reached XP level 10. HP: 29/61 MP: 1/20
  8788 | D:8      | Found a hide-covered altar of Uskayaw.
  8852 | D:8      | Reached skill level 1 in Hexes
  8885 | D:8      | HP: 2/52 [wight/+4 hand axe of freezing (4)]
  8906 | D:8      | Gained mutation: A frigid envelope surrounds you and
                  | freezes all who hurt you. [potion of mutation]
  8906 | D:8      | Gained mutation: You are weak. (Str -2) [potion of
                  | mutation]
  8906 | D:8      | Gained mutation: Your flesh is heat resistant. (rF+)
                  | [potion of mutation]
  9214 | D:8      | Noticed a two-headed ogre
  9226 | D:8      | Killed a two-headed ogre
  9572 | D:9      | Found Moussub's Fire Supplies.
  9597 | D:9      | Bought a staff of fire for 350 gold pieces
  9619 | D:9      | Identified the +6 long sword "Xojophej" {venom, Int+6}
  9857 | D:9      | Reached **** piety under Sif Muna
  9878 | D:9      | Found a staircase to the Lair.
 10053 | D:9      | Learned a level 4 spell: Flame Wave
 10057 | D:9      | Learned a level 3 spell: Hailstorm
 10061 | D:9      | Learned a level 3 spell: Stone Arrow
 10086 | D:9      | Reached skill level 10 in Fire Magic
 10095 | D:9      | Reached skill level 1 in Translocations
 10096 | D:9      | Reached skill level 1 in Ice Magic
 10331 | D:9      | Reached XP level 11. HP: 59/67 MP: 23/23
 10333 | D:9      | Reached skill level 1 in Earth Magic
 10336 | D:9      | Reached skill level 1 in Air Magic
 10336 | D:9      | Reached skill level 1 in Invocations
 10339 | D:9      | Noticed a three-headed hydra
 10374 | D:10     | Entered Level 10 of the Dungeon
 10496 | D:9      | Found a bloodstained altar of Trog.
 10570 | D:9      | Killed a three-headed hydra
 10920 | D:10     | Noticed Erica
 10934 | D:10     | Killed Erica
 11134 | D:10     | Noticed a two-headed ogre
 11141 | D:10     | Killed a two-headed ogre
 11414 | D:9      | Bought a ring of fire for 350 gold pieces
 11632 | D:10     | Found a staircase to the Orcish Mines.
 11660 | D:10     | Noticed a two-headed ogre
 11667 | D:10     | Killed a two-headed ogre
 11827 | D:11     | Noticed a manticore
 11835 | D:11     | Killed a manticore
 12071 | D:11     | Noticed a two-headed ogre
 12073 | D:11     | Noticed a two-headed ogre
 12090 | D:11     | Noticed a purple ugly thing
 12233 | D:12     | Noticed a cyclops
 12248 | D:12     | Killed a cyclops
 12294 | D:12     | Noticed a skeletal warrior
 12299 | D:12     | Noticed a skeletal warrior
 12598 | D:11     | Killed a two-headed ogre
 12599 | D:11     | Reached skill level 5 in Conjurations
 12717 | D:11     | Killed a two-headed ogre
 12718 | D:11     | Reached XP level 12. HP: 72/72 MP: 25/25
 12753 | D:11     | Found a runed translucent door.
 12758 | D:11     | Found a runed translucent door.
 12762 | D:11     | Reached ***** piety under Sif Muna
 13789 | D:12     | Noticed a rakshasa
 13965 | D:12     | Received a gift from Sif Muna
 13966 | D:12     | Got Sif Muna's Monograph on Displacement {god gift}
 13968 | D:12     | Noticed a two-headed ogre
 13983 | D:12     | Killed a two-headed ogre
 13984 | D:12     | Reached skill level 5 in Invocations
 13994 | D:12     | Learned a level 4 spell: Iskenderun's Mystic Blast
 14157 | D:12     | Reached skill level 5 in Ice Magic
 14413 | D:12     | Reached skill level 5 in Earth Magic
 14653 | D:12     | Reached skill level 10 in Spellcasting
 14667 | D:12     | Killed a rakshasa
 15178 | D:12     | Reached XP level 13. HP: 77/77 MP: 27/27
 15285 | D:12     | Learned a level 6 spell: Dispersal
 15359 | Orc:1    | Entered Level 1 of the Orcish Mines
 15412 | Orc:1    | Found Ynous's Assorted Antiques.
 15429 | Orc:1    | Bought a knobbly pearl ring for 125 gold pieces
 15430 | Orc:1    | Bought 2 amethyst potions for 45 gold pieces
 15460 | Orc:1    | Reached skill level 5 in Translocations
 15678 | Orc:2    | Entered Level 2 of the Orcish Mines
 15951 | Orc:2    | Found a staircase to the Elven Halls.
 15992 | Orc:1    | Identified a scroll of acquirement
 15992 | Orc:1    | Acquired 746 gold pieces
 16210 | Orc:1    | Learned a level 3 spell: Mephitic Cloud
 16282 | Orc:1    | Found Huriefel's Antique Armour Shoppe.
 16340 | Orc:1    | Found Fuiweigi's Weapon Boutique.
 16352 | Orc:1    | Found Sorod's Book Emporium.
 16466 | Orc:1    | Found Kuonni's Magic Scroll Emporium.
 16469 | Orc:1    | Bought a scroll of blinking for 90 gold pieces
 16469 | Orc:1    | Bought a scroll of blinking for 90 gold pieces
 16469 | Orc:1    | Bought a scroll of teleportation for 36 gold pieces
 16469 | Orc:1    | Bought a scroll of teleportation for 36 gold pieces
 16469 | Orc:1    | Bought a scroll of butterflies for 48 gold pieces
 16908 | Orc:2    | Noticed an orc warlord
 17148 | Orc:2    | Paralysed by an orc sorcerer for 3 turns
 17228 | Orc:2    | Killed an orc warlord
 17719 | Orc:2    | Noticed an orc warlord
 17741 | Orc:2    | Killed an orc warlord
 18009 | Orc:2    | Noticed a stone giant
 18163 | Orc:2    | Found Iled's Magic Scroll Shop.
 18170 | Orc:2    | Bought a scroll of acquirement for 780 gold pieces
 18170 | Orc:2    | Acquired 964 gold pieces
 18183 | Orc:2    | Found Ohouh's Jewellery Boutique.
 18185 | Orc:2    | Found Diow's Book Boutique.
 18191 | Orc:2    | Bought a ring of magical power for 280 gold pieces
 18191 | Orc:2    | Bought the ring "Boukkue" {rCorr EV+4} for 680 gold pieces
 18255 | Orc:2    | Found Vexol's General Store.
 18260 | Orc:2    | Bought a scroll of blinking for 112 gold pieces
 18260 | Orc:2    | Bought a potion of heal wounds for 75 gold pieces
 18302 | Orc:2    | Killed a stone giant
 18444 | Orc:2    | Learned a level 2 spell: Call Imp
 18567 | Orc:1    | Noticed Sonja
 18573 | Orc:1    | Killed Sonja
 18585 | Orc:1    | Found Omi Utyi's General Store.
 18623 | Orc:1    | Found Nergh's Specific Store.
 18833 | Orc:1    | Bought a ring of protection from cold for 350 gold pieces
 19007 | Lair:1   | Entered Level 1 of the Lair of Beasts
 19838 | Lair:2   | Noticed Fannar
 19848 | Lair:2   | Reached XP level 14. HP: 83/83 MP: 29/29
 19861 | Lair:2   | Killed Fannar
 19861 | Lair:2   | Received a gift from Sif Muna
 20000 | Lair:2   | Found a staircase to the Swamp.
 20280 | Lair:2   | Found a hole to the Spider Nest.
 21265 | Lair:3   | Found a dark tunnel.
 21281 | Volcano  | Entered a volcano
 21309 | Volcano  | Noticed a stone giant
 21328 | Volcano  | Killed a stone giant
 24886 | Lair:4   | Found a runed translucent gate.
 24886 | Lair:4   | Found a runed translucent gate.
 24886 | Lair:4   | Found a runed translucent gate.
 24887 | Lair:4   | Noticed an acid blob
 24887 | Lair:4   | Noticed an azure jelly
 24888 | Lair:4   | Noticed an azure jelly
 24889 | Lair:4   | Noticed an acid blob
 24889 | Lair:4   | Noticed an acid blob
 24889 | Lair:4   | Noticed Ronlaysi's ghost (journeyman OpTm)
 24890 | Lair:4   | Noticed an azure jelly
 24890 | Lair:4   | Noticed an acid blob
 24890 | Lair:4   | Noticed an acid blob
 24890 | Lair:4   | Noticed an azure jelly
 24893 | Lair:4   | Found a viscous altar of Jiyva.
 25334 | Lair:4   | You fall into a shaft and drop 1 floor!
 25334 | Lair:5   | Entered Level 5 of the Lair of Beasts
 25373 | Lair:5   | Reached skill level 1 in Long Blades
 26225 | Lair:5   | HP: 3/83 [elephant (13)]
 26226 | Lair:5   | Reached XP level 15. HP: 3/88 MP: 4/31
 26326 | Lair:5   | Received a gift from Sif Muna
 26538 | Lair:5   | Got Sif Muna's Parchment of Transposition {god gift}
 26542 | Lair:5   | Learned a level 2 spell: Blink
 26658 | Lair:5   | Acquired the +0 buckler of Nihilism {Str+7 Stlth+}
 26701 | Lair:5   | Reached skill level 1 in Summonings
 26814 | Lair:5   | Reached skill level 1 in Shields
 27312 | Lair:5   | Identified the +6 long sword "Ozio" {drain, Dex+4}
 27449 | Lair:5   | Found a shimmering blue altar of Sif Muna.
 27490 | Lair:5   | Learned a level 5 spell: Fireball
 27614 | Lair:5   | Reached skill level 1 in Poison Magic
 28562 | Lair:4   | Found a staircase to the Slime Pits.
 28562 | Lair:4   | Found a viscous altar of Jiyva.
 28976 | Lair:4   | Killed an azure jelly
 28982 | Lair:4   | Killed an acid blob
 28987 | Lair:4   | Killed an acid blob
 28993 | Lair:4   | Killed an acid blob
 28994 | Lair:4   | Killed Ronlaysi's ghost
 29029 | Lair:4   | Killed an azure jelly
 29043 | Lair:4   | Killed an acid blob
 29047 | Lair:4   | Mangled by an acid blob

Illustrated notes

Levels and vault maps discovered:
D:1:      minmay_arrival_split_and_join, layout_basic, serial_forest,
          infiniplex_forest_clump_diagonal, infiniplex_forest_zigzag_1,
          infiniplex_forest_straight_1, infiniplex_forest_lined_ring,
          infiniplex_forest_clump_curved, infiniplex_forest_end_1,
          infiniplex_forest_clump_double, basic_ecumenical_altar,
          minmay_misc_feat_hallway, minivault_27, minmay_tromino_v7
D:2:      layout_loops_ring
D:3:      layout_basic, nicolae_overflow_crystal_walls,
          cheibrodos_sewer_entry_sluice, gammafunk_ghost_grave, uniq_terence
D:4:      layout_loops_ring
D:5:      layout_rooms, minmay_temple_entry_ruins, uniq_prince_ribbit1,
          uniq_duvessa, uniq_ijyb
D:6:      layout_loops_ring, nicolae_overflow_hidden_temple,
          nicolae_shop_firing_range, uniq_edmund, uniq_crazy_yiuf_cottage,
          uniq_pikel
D:7:      layout_basic, vehumet_statue, zin_scriptorium,
          kennysheep_cluttered_room
D:8:      layout_basic, nicolae_uskayaw_dance_hall
D:9:      layout_rooms, trog_book, erik_lair_island, nicolae_shop_fire_sale
          [nicolae_sub_dead_trees], hangedman_ranch
D:10:     layout_irregular_city, orc_0_dummy, kennysheep_generic_room_13,
          uniq_erica
D:11:     lemuel_insect_pit, layout_basic
D:12:     layout_roguey, special_room [special_room_orc], serial_bayou_pond_a
Temple:   oiseaux_autumnal_temple
Lair:1:   layout_misc_corridors, st_stairs_4
Lair:2:   layout_regular_city, minmay_swamp_entry_reptiles,
          hellmonk_spider_entry_not_the_bees, grunt_megastairs_5, uniq_fannar
Lair:3:   layout_cave_pods, nicolae_volcano_entry_vermiform, minivault_25
Lair:4:   layout_loops_ring, minmay_slime_entry_eyes, gammafunk_ghost_ooze,
          chequers_serial_rivers_small_b
Lair:5:   hangedman_lair_in_review, layout_regular_city, basic_altar,
          serial_bayou_ford_a
Orc:1:    layout_caves, serial_shops, nicolae_shop_bloodbath_and_beyond,
          nicolae_shop_window_shopping, nicolae_shop_waterfront, shop, shop,
          nicolae_specific_store, uniq_sonja
Orc:2:    hellmonk_orc_salted, layout_diamond_mine, basic_altar,
          guppyfry_library_mini

Skill      XL: |  1  2  3  4  5  6  7  8  9 10 11 12 13 14 15 |
---------------+----------------------------------------------+-----
Stealth        | 3 4 5 6 7 |  7.9
Conjurations   | 2 3 4 5 6 7 8 |  8.4
Fighting       | 1 2 3 |  3.5
Fire Magic     | 4 5 6 8 10 11 12 13 | 13.8
Short Blades   | 1 2 3 |  3.2
Spellcasting   | 3 4 6 7 8 9 10 11 12 13 | 13.3
Dodging        | 3 4 |  4.6
Hexes          | 1 2 3 |  3.3
Translocations | 2 4 6 7 8 |  8.0
Ice Magic      | 1 4 5 |  5.3
Earth Magic    | 3 5 |  5.1
Air Magic      | 3 4 |  4.7
Invocations    | 3 5 7 9 |  9.2
Long Blades    | 1 |  1.0
Summonings     | 3 |  3.5
Shields        | 3 |  3.7
Poison Magic   | 1 |  1.3
Staves         | |  0.2
Throwing       | |  0.1
Evocations     | |  0.4

Action                   |  1- 3 |  4- 6 |  7- 9 | 10-12 | 13-15 || total
-------------------------+-------+-------+-------+-------+-------++-------
Melee: Unarmed           |     7 |       |       |       |       ||     7
       Constrict         |     8 |     8 |    11 |     6 |     7 ||    40
       Tentacles         |     6 |    10 |    23 |     9 |    12 ||    60
       Short sword       |    22 |    41 |     6 |       |       ||    69
       Punch             |     1 |       |     2 |       |       ||     3
       Dagger            |       |       |    12 |       |       ||    12
       Rapier            |       |       |    58 |     8 |       ||    66
       Long sword        |       |       |       |     8 |     6 ||    14
       Staff             |       |       |       |    10 |    23 ||    33
Throw: Throwing net      |       |     2 |     1 |       |     1 ||     4
 Cast: Foxfire           |    66 |    80 |   123 |   257 |   502 ||  1028
       Scorch            |       |     4 |    60 |    97 |   207 ||   368
       Inner Flame       |       |     1 |    10 |    36 |    43 ||    90
       Kindle Blastspark |       |       |     1 |    28 |       ||    29
       Flame Wave        |       |       |       |    18 |    88 ||   106
       Hailstorm         |       |       |       |     2 |     9 ||    11
       Iskenderun's Myst |       |       |       |     1 |    44 ||    45
       Mephitic Cloud    |       |       |       |       |    28 ||    28
       Stone Arrow       |       |       |       |       |    11 ||    11
       Call Imp          |       |       |       |       |     2 ||     2
       Dispersal         |       |       |       |       |     1 ||     1
       Fireball          |       |       |       |       |    13 ||    13
Invok: Channel Magic     |       |       |       |     2 |     8 ||    10
Evoke: Wand              |       |     1 |       |     5 |       ||     6
       Condenser vane    |       |       |       |     1 |     2 ||     3
  Use: Scroll            |       |       |       |    24 |    14 ||    38
       Potion            |       |       |       |    13 |     8 ||    21
 Stab: Sleeping          |     2 |     7 |    12 |       |       ||    21
Armor: Skin              |     9 |     6 |     1 |     4 |    12 ||    32
Dodge: Dodged            |    22 |    29 |    79 |    78 |   152 ||   360
Block: Buckler           |       |       |       |       |     3 ||     3

Table legend: (Time is in decaauts)
 A = Elapsed time spent in this place.
 B = Non-inter-level travel time spent in this place.
 C = Inter-level travel time spent in this place.
 D = Time resting spent in this place.
 E = Time spent auto-exploring this place.
 F = Levels seen in this place.
 G = Mean time per level.
                   A        B        C        D        E       F      G
               +--------+--------+--------+--------+--------+-----+--------+
         Total |  29040 |  28335 |    705 |   4651 |  15697 |  22 | 1320.0 |
       Dungeon |  14536 |  14076 |    460 |   1591 |   8149 |  12 | 1211.3 |
        Temple |    288 |    261 |     27 |      0 |    227 |   1 |  288.0 |
          Lair |   7608 |   7532 |     76 |    517 |   5412 |   5 | 1521.6 |
  Orcish Mines |   3611 |   3469 |    142 |    265 |   1597 |   2 | 1805.5 |
         Sewer |    555 |    555 |      0 |      0 |    312 |   1 |  555.0 |
       Volcano |   2439 |   2439 |      0 |   2277 |      0 |   1 | 2439.0 |
               +--------+--------+--------+--------+--------+-----+--------+

Top non-repeatable levels by time:
  Lair:5: 2710 daAuts
 Volcano: 2439 daAuts
   Orc:2: 2439 daAuts
    D:12: 2019 daAuts
     D:7: 1676 daAuts
  Lair:4: 1497 daAuts
    D:11: 1457 daAuts
     D:6: 1422 daAuts
  Lair:2: 1325 daAuts
     D:9: 1247 daAuts
   Orc:1: 1172 daAuts
     D:1: 1162 daAuts
  Lair:3: 1141 daAuts
    D:10: 1080 daAuts
     D:3: 1019 daAuts
